 Dungeon Crawl Stone Soup version 0.28-a0-850-g09de17f5b5 (webtiles) character file.

Game seed: 9687241046284970760

269 tatocazan the Skirmisher (level 6, 34/48 HPs)
             Began as a Demonspawn Fighter on Nov 13, 2021.
             Quit the game on level 4 of the Dungeon.
             The game lasted 00:03:02 (2983 turns).

tatocazan the Skirmisher (Demonspawn Fighter)       Turns: 2983, Time: 00:03:03

Health: 34/48      AC: 10    Str: 18    XL:     6   Next: 1%
Magic:  6/6        EV:  9    Int:  9    God:
Gold:   139        SH:  5    Dex: 13    Spells: 5/5 levels left

rFire   . . .      SeeInvis .   a - +1 war axe
rCold   . . .      Faith    .   c - +0 buckler
rNeg    . . .      Spirit   .   b - +0 scale mail
rPois   .          Reflect  .   k - +2 hat
rElec   .          Harm     .   (no cloak)
rCorr   .          Rampage  .   q - +0 pair of gloves
Will    .....                   (no boots)
Stlth   ..........              (no amulet)
HPRegen 0.16/turn               (no ring)
MPRegen 0.10/turn               (no ring)

@: no status effects
A: spiny 1, demonic magic 1
a: no special abilities


You were on level 4 of the Dungeon.
You visited 1 branch of the dungeon, and saw 4 of its levels.

You collected 139 gold pieces.

Inventory:

Hand Weapons
 a - a +1 war axe (weapon)
Missiles
 g - 9 javelins (quivered)
Armour
 b - a +0 scale mail (worn)
 c - a +0 buckler (worn)
 k - a +2 hat (worn)
 q - a +0 pair of gloves (worn)
Wands
 m - a wand of iceblast (11)
Scrolls
 f - a scroll of identify
 h - a scroll of noise {unknown}
 j - a scroll of enchant weapon
Potions
 d - a potion of might
 e - a potion of brilliance
 i - a potion of ambrosia
 o - a potion of curing {unknown}


   Skills:
 + Level 4.0 Fighting
 * Level 3.8 Axes
 + Level 3.6 Armour
 + Level 3.6 Shields


You had 5 spell levels left.
You didn't know any spells.
Your spell library was empty.

Dungeon Overview and Level Annotations

Branches:
Dungeon (4/15)
 Temple: D:4-7

Altars:
Dithmenos


Innate Abilities, Weirdness & Mutations

You are partially covered in sharp spines.
Spells you cast may paralyse adjacent enemies.


Message History

An ogre is nearby!
An ogre is nearby!
An ogre is nearby!
An ogre is nearby!
Throw: 12 javelins
Press: ? - help, Q - select action, (/) - cycle Shift-Dir - straight line, f - ogre
Aim: an ogre, wielding a +0 giant club (73% to hit)
You throw a javelin. The javelin pierces through the ogre!
The ogre is moderately wounded.
Throw: 11 javelins
Press: ? - help, Q - select action, (/) - cycle Shift-Dir - straight line, f/p - ogre
Aim: an ogre, wielding a +0 giant club (moderately wounded, 73% to hit)
You throw a javelin. The javelin barely misses the ogre.
Throw: 10 javelins
Press: ? - help, Q - select action, (/) - cycle Shift-Dir - straight line, f/p - ogre
Aim: an ogre, wielding a +0 giant club (moderately wounded, 73% to hit)
You throw a javelin. The javelin pierces through the ogre.
The ogre is heavily wounded.
The ogre hits you with a +0 giant club!!
Ouch! That really hurt!
You take 22 damage, and have 20/42 hp.
MASSIVE DAMAGE!!
You hit the ogre.
The ogre is heavily wounded.
The ogre is struck by your spines. The ogre closely misses you.
You slash the ogre!
You kill the ogre!
Your Fighting skill increases to level 4!
You have reached level 6!
Your experience leads to an increase in your attributes!
Increase (S)trength, (I)ntelligence, or (D)exterity?
You feel stronger.
Your demonic ancestry asserts itself...
A menacing aura infuses your magic.
You regained 3 hp, and now have 23/48 hp.
MP restored: 6 You start resting.
An adder comes into view.
You regained 11 hp, and now have 34/48 hp.
An adder is nearby!
An adder is nearby!
Are you sure you want to abandon this character and quit the game? (Confirm with "yes".)

,,,,,,,,**,*,*.##)...)#.......#
,,,,,***,,*,#.#..###..........#
***,,*,,,*,*,#.#.,,#.(........#
***,,***,,*,#.#..###....##....#
,,**,,,,*#.#.*.##....##.#####.#
,,**,,*,*,#(#.#,#.#..##.##....#
,,,,,,,,**#...###.......##.######
,,,,,***,,,#.#.).###.#..#.......#
*,,,,***,*,*,#.#@#*#.#..#.......#
*,,,,,**,,,**#...#*..#.......^..#
,,,,,,,,,.,.......,....>...<...##
********+..####.###.####.....#.#
,,,* *,,,..[....* *,* #....##.#
,,,* *,,,.......* *_* ##+#..,.#
,,,***,,,.......* *,* #.######*
,,,,,,,,,..!...S###+#####....,,,*
,,,,,,,,,..................#***,*


You could see an adder (wandering).

Vanquished Creatures
  An ogre (D:4)
  A scorpion (D:4)
  A jelly (D:3)
  4 adders
  A dart slug (D:3)
  4 orcs (D:3)
  3 endoplasms
  2 giant cockroaches
  6 goblins
  5 hobgoblins
  2 jackals (D:4)
  5 kobolds
  7 quokkas
  5 ball pythons
  6 bats
  2 frilled lizards (D:1)
  4 rats
59 creatures vanquished.

Notes
Turn   | Place    | Note
-------+----------+-------------------------------------------
     0 | D:1      | tatocazan the Demonspawn Fighter began the quest for the
                  | Orb.
     0 | D:1      | Reached XP level 1. HP: 18/18 MP: 1/1
   199 | D:1      | Gained mutation: You are partially covered in sharp spines.
                  | [demonic ancestry]
   199 | D:1      | Reached XP level 2. HP: 23/24 MP: 2/2
  1020 | D:2      | Reached XP level 3. HP: 29/29 MP: 3/3
  1773 | D:3      | Reached XP level 4. HP: 28/35 MP: 4/4
  2028 | D:3      | Found a faded altar of an unknown god.
  2199 | D:3      | Found a shadowy altar of Dithmenos.
  2690 | D:4      | Noticed a scorpion
  2701 | D:4      | Killed a scorpion
  2702 | D:4      | Reached XP level 5. HP: 28/42 MP: 5/5
  2906 | D:4      | Noticed an ogre
  2911 | D:4      | Killed an ogre
  2912 | D:4      | Reached skill level 4 in Fighting
  2912 | D:4      | Gained mutation: Spells you cast may paralyse adjacent
                  | enemies. [demonic ancestry]
  2912 | D:4      | Reached XP level 6. HP: 23/48 MP: 6/6
  2983 | D:4      | Quit the game

Illustrated notes

Levels and vault maps discovered:
D:1:      minmay_arrival_nine_rooms, layout_loops_ring
D:2:      layout_basic, chequers_serial_rivers_micro_d, kennysheep_boxes
D:3:      layout_basic, nicolae_dithmenos_through_a_glass_darkly,
          ebering_ecumenical_altar_mist
D:4:      layout_basic, overflow_temple_1_default,
          minmay_overflow_temple_star_quad, minmay_starry_boxes

Skill      XL: |  1  2  3  4  5 |
---------------+----------------+-----
Axes           | 2 3 |  3.8
Shields        | 3 |  3.6
Armour         | 3 |  3.6
Fighting       | 4 |  4.0

Action                   |  1- 3 |  4- 6 || total
-------------------------+-------+-------++-------
Melee: War axe           |    68 |    52 ||   120
Throw: Javelin           |       |     3 ||     3
  Use: Scroll            |       |     7 ||     7
Armor: Scale mail        |    28 |    22 ||    50
Dodge: Dodged            |    32 |    19 ||    51
Block: Buckler           |    24 |    13 ||    37

Table legend: (Time is in decaauts)
 A = Elapsed time spent in this place.
 B = Non-inter-level travel time spent in this place.
 C = Inter-level travel time spent in this place.
 D = Time resting spent in this place.
 E = Time spent auto-exploring this place.
 F = Levels seen in this place.
 G = Mean time per level.
                   A        B        C        D        E       F      G
               +--------+--------+--------+--------+--------+-----+--------+
         Total |   3042 |   2962 |     80 |    548 |   2023 |   4 |  760.5 |
       Dungeon |   3042 |   2962 |     80 |    548 |   2023 |   4 |  760.5 |
               +--------+--------+--------+--------+--------+-----+--------+

Top non-repeatable levels by time:
     D:3: 1231 daAuts
     D:1: 759 daAuts
     D:2: 657 daAuts
     D:4: 393 daAuts
